Map: Triton LE

Players

daintySplash - Winner!

  • Race: Terran Terran
  • League: Gold
  • Spawn Location: 11:00

A.I. 1 (Very Easy)

  • Race: Terran Terran
  • Spawn Location: 5:00

VOD

Have the link to the VOD?

Description

Time

  • Played on: Sept. 27, 2019, 12:28 p.m.
  • Length: 8:01
Show
View Real Time Build Order
Export as new Build Order

daintySplash Terran - Winner!

Build Orders:  

Get SALT Encoding   

  12  0:00  SCV  
  13  0:12  SCV  
  14  0:17  Supply Depot  
  14  0:24  SCV  
  15  0:28  Refinery  
  15  0:41  Barracks  
  15  0:46  SCV  
  16  0:59  Barracks  
  17  1:04  SCV  
  17  1:16  SCV  
  18  1:28  Orbital Command, Reaper  
  19  1:36  Supply Depot  
  19  1:46  Reaper  
  20  1:55  SCV  
  20  2:00  Reaper  
  22  2:13  Command Center  
  22  2:18  Reaper  
  22  2:22  Refinery  
  23  2:23  SCV  
  24  2:33  Barracks Reactor  
  24  2:43  SCV  
  25  2:57  SCV  
  26  3:06  Factory  
  26  3:09  Command Center  
  26  3:11  Marine x2  
  28  3:25  Orbital Command  
  28  3:29  Marine x2  
  28  3:30  SCV  
  31  3:40  Supply Depot  
  31  3:43  SCV  
  31  3:47  Marine x2  
  34  3:51  Starport  
  34  3:53  Factory Tech Lab  
  34  3:57  SCV  
  34  4:01  SCV  
  36  4:07  Marine  
  36  4:08  Marine  
  38  4:14  Siege Tank  
  41  4:19  Barracks Tech Lab  
  41  4:21  Liberator  
  41  4:22  Orbital Command  
  41  4:26  SCV x2  
  41  4:30  Marine x2  
  45  4:40  Stimpack  
  45  4:43  Marine  
  45  4:45  SCV  
  50  4:46  SCV  
  50  4:48  SCV  
  52  4:55  Siege Tank  
  52  4:56  Marine x2  
  57  5:01  SCV x2  
  57  5:02  SCV  
  57  5:06  Supply Depot  
  60  5:08  Marine  
  60  5:09  Supply Depot  
  60  5:14  Marine x2  
  61  5:19  SCV x3  
  66  5:22  Medivac  
  66  5:27  Marine  
  69  5:32  Marine x2  
  71  5:36  Barracks  
  71  5:37  SCV x3  
  71  5:38  Factory Reactor  
  74  5:45  Barracks  
  74  5:50  SCV x3, Supply Depot  
  74  5:52  Supply Depot  
  74  5:53  Refinery  
  74  5:54  Marine x2, Refinery  
  74  5:56  Marine  
  80  6:05  Medivac  
  80  6:06  SCV x3  
  85  6:15  Supply Depot x2  
  85  6:19  Combat Shield  
  85  6:21  Marine x3  
  88  6:31  SCV x3  
  91  6:36  Starport Reactor  
  91  6:37  Marine x2  
  91  6:38  Marine x2, Barracks Reactor  
  91  6:39  Marine  
  96  6:44  SCV x2, Engineering Bay  
  96  6:45  Orbital Command, Engineering Bay  
  98  7:01  SCV x2  
  98  7:02  Marine x5  
  98  7:03  Siege Tank  
  108  7:11  SCV  
  108  7:13  SCV  
  110  7:18  Supply Depot  
  110  7:19  Supply Depot  
  110  7:23  Refinery  
  110  7:24  Refinery  
  110  7:37  Marine x4, SCV x3  
  110  7:40  Marine x3  
  110  7:44  Supply Depot  
Show
View Real Time Build Order
Export as new Build Order

A.I. 1 (Very Easy) Terran 

Build Orders:  

Get SALT Encoding   

  12  0:00  SCV  
  13  0:13  SCV  
  14  0:18  Supply Depot  
  14  0:37  Refinery  
  14  0:42  Barracks  
  14  1:03  Supply Depot  
  14  1:11  Refinery  
  14  1:30  Marine  
  15  1:32  Orbital Command  
  15  1:49  Barracks Tech Lab  
  15  1:58  SCV  
  16  2:10  SCV  
  16  2:15  Marine  
  18  2:22  SCV  
  19  2:34  SCV  
  20  2:46  SCV  
  22  2:58  SCV  
  22  3:01  Marauder  
  24  6:39  Marine, SCV  
  25  6:40  Supply Depot  
  25  6:43  Factory  
  25  6:45  Command Center  
  26  6:51  SCV  
  23  7:03  SCV, Supply Depot  
  23  7:14  Marine  
  23  7:15  SCV  
  23  7:27  SCV  
  23  7:29  Starport  
  20  7:39  SCV  
  20  7:41  Starport  
  22  7:45  Supply Depot  
Tags
 
League
Gold
Matchup
TvT
Race
Terran
Spawn Locations
Cross Positions
Add a new tag
Caveats
  • Supply blocks, unpowered buildings, or Contaminate may cause inaccurate times.
  • Supply counts are checked every 10 seconds.